 Dungeon Crawl Stone Soup version 0.29.1-13-g9f3cf754e1 (webtiles) character file.

Game seed: 11224531188723051678

66 cheesebisquit the Digger (level 4, -2/24 HPs)
             Began as a Gargoyle Earth Elementalist on Jan 26, 2023.
             Killed from afar by Sigmund (7 damage)
             ... with a magic dart
             ... on level 3 of the Dungeon.
             The game lasted 00:07:30 (2311 turns).

cheesebisquit the Digger (GrEE)                     Turns: 2311, Time: 00:07:30

Health: -2/24      AC:  7    Str: 14 (15) XL:     4   Next: 15%
Magic:  8/8        EV: 11    Int: 16 (17) God:
Gold:   134        SH:  0    Dex:  8 (9)  Spells: 8/9 levels left

rFire   . . .      SeeInvis .   l - +0 flail
rCold   . . .      Faith    .   (no shield)
rNeg    + . .      Spirit   .   a - +0 robe
rPois   ∞          Reflect  .   (no helmet)
rElec   +          Harm     .   k - +1 cloak
rCorr   .          Rampage  .   (no gloves)
Will    .....                   (no boots)
Stlth   ++........              (no amulet)
HPRegen 0.08/turn               (no ring)
MPRegen 0.11/turn               (no ring)

@: attractive
A: sickness immunity, AC +3, negative energy resistance 1, electricity
resistance, torment resistance 1, petrification resistance, talons 1, strong 1,
MP-powered wands
a: no special abilities


You were on level 3 of the Dungeon.
You visited 1 branch of the dungeon, and saw 3 of its levels.

You collected 134 gold pieces.

Inventory:

Hand Weapons
 l - a +0 flail (weapon)
Armour
 a - a +0 robe (worn)
 k - a +1 cloak (worn)
Scrolls
 b - a scroll of teleportation {unknown}
 e - 3 scrolls of identify {unknown}
 f - a scroll of immolation {unknown}
 h - a scroll of noise {unknown}
 i - a scroll of vulnerability {unknown}
 j - 3 scrolls of blinking {unknown}
 n - a scroll of poison {unknown}
 r - a scroll of silence {unknown}
Potions
 c - 2 potions of degeneration
 g - 2 potions of attraction
 o - a potion of curing {unknown}
 p - a potion of lignification {unknown}
 q - a potion of flight {unknown}


   Skills:
 - Level 1.5 Dodging
 - Level 2.1 Stealth
 + Level 3.1 Spellcasting
 - Level 0.7 Transmutations
 + Level 4.9 Earth Magic


You had 8 spell levels left.
You knew the following spells:

 Your Spells              Type           Power      Damage    Failure   Level
a - Sandblast             Erth           36%        2d10      2%          1

Your spell library contained the following spells:

 Spells                   Type           Power      Damage    Failure   Level
 Passwall                 Tmut/Erth      9%         N/A       9%          2
 Stone Arrow              Conj/Erth      20%        3d8       21%         3
 Petrify                  Tmut/Erth      11%        N/A       50%         4
 Irradiate                Conj/Tmut      1%         3d12      99%         5
 Sublimation of Blood     Necr           Unusable   N/A       N/A         2

Dungeon Overview and Level Annotations

Branches:
Dungeon (3/15)

Altars:

Shops:
D:2 =

Annotations:
D:3 Sigmund


Innate Abilities, Weirdness & Mutations

You are immune to sickness and miasma.
Your stone body is resilient. (AC +3)
You are immune to poison.
You resist negative energy. (rN+)
You are resistant to electric shocks. (rElec)
You are resistant to unholy torment.
You are immune to petrification.
You have sharp toenails.
Your muscles are strong. (Str +4, Int/Dex -1)
You expend magic power (3 MP) to strengthen your wands.


Message History

Deactivating autopickup; reactivate with Ctrl-A.
Found a stone staircase leading up.
You open the door.
Aiming: Sandblast (safe; 2% risk of failure)
Press: ? - help, Q - select action Shift-Dir - straight line, f - you
Okay, then.
Found a scroll labelled MOUVAO ZEME.
You are confused.
You bump into the granite statue.
You are more confused.
A magic dart appears from out of thin air!
The magic dart hits you. Something hits you!
You bump into the rock wall.
A magic dart appears from out of thin air!
The magic dart hits you.
You bump into the granite statue.
Something hits you but does no damage.
It was a potion of degeneration.
There was something very wrong with that liquid.
You feel weakened.
You feel dopey.
You feel clumsy.
It was a potion of attraction.
You feel attractive to monsters. Something hits you.
* * * LOW HITPOINT WARNING * * *
Something is attracted toward you.
It was a potion of mutation.
You feel extremely strange.
You feel your magical essence link to the dungeon's wands.
You feel stronger.
Your toenails lengthen and sharpen.
You hear some strange, mumbled words.
A puff of flame appears from out of thin air!
The puff of flame hits you but does no damage.
It was a potion of cancellation.
Your magical effects are unravelling.
You feel magically purged.
You feel less confused.
You hear some strange, mumbled words.
A magic dart appears from out of thin air!
The magic dart hits you!
You die...

#.# ### #.# #.# #.#
####.## #..
#.....##########.# #
##.##.............#
#.#8.8#..#######.....
#........'.......##..
#.#8@8#..#######.##..
# ##{##..# #.##..
..§....# #.....
<.......# #.....
....?.....# #...#.
##......... #...#.
#....##.## +...'.
#....##.### #...#.
#.#.# #..##.


There were no monsters in sight!

Vanquished Creatures
  2 adders (D:2)
  4 dart slugs
  4 bats
  3 endoplasms
  A giant cockroach (D:1)
  4 goblins
  5 hobgoblins
  3 jackals (D:2)
  2 quokkas (D:1)
  5 ball pythons
  2 frilled lizards
  2 kobolds
  A rat (D:1)
38 creatures vanquished.

Notes
Turn   | Place    | Note
-------+----------+-------------------------------------------
     0 | D:1      | cheesebisquit the Gargoyle Earth Elementalist began the
                  | quest for the Orb.
     0 | D:1      | Reached XP level 1. HP: 10/10 MP: 3/3
   243 | D:1      | Reached skill level 4 in Earth Magic
   243 | D:1      | Reached XP level 2. HP: 9/15 MP: 3/5
   756 | D:1      | Found a faded altar of an unknown god.
  1097 | D:1      | Reached XP level 3. HP: 19/19 MP: 4/6
  1444 | D:2      | Found Moagargh's Jewellery Shoppe.
  1862 | D:2      | Reached XP level 4. HP: 24/24 MP: 5/8
  2290 | D:3      | Noticed Sigmund
  2310 | D:3      | Gained mutation: You expend magic power (3 MP) to
                  | strengthen your wands. [potion of mutation]
  2310 | D:3      | Gained mutation: Your muscles are strong. (Str +4, Int/Dex
                  | -1) [potion of mutation]
  2310 | D:3      | Gained mutation: You have sharp toenails. [potion of
                  | mutation]
  2311 | D:3      | Killed from afar by Sigmund

Illustrated notes

Levels and vault maps discovered:
D:1:      arrival_zaba_pyramid, layout_basic, dreamdust_ecumenical_altar_grove
D:2:      layout_rooms, serial_shops, nicolae_diamond_shop
D:3:      layout_basic, minmay_misc_feat_rugged, small_statue_intersection,
          dk_vineyard_1, uniq_robin, uniq_sigmund

Skill      XL: |  1  2  3 |
---------------+----------+-----
Earth Magic    | 4 |  4.9
Spellcasting   | 3 |  3.1
Dodging        | |  1.5
Stealth        | |  2.1
Transmutations | |  0.7

Action                   |  1- 3 |  4- 6 || total
-------------------------+-------+-------++-------
Melee: Unarmed           |     2 |       ||     2
 Cast: Sandblast         |    44 |     6 ||    50
  Use: Potion            |     1 |     4 ||     5
Armor: Robe              |     1 |     2 ||     3
Dodge: Dodged            |     8 |       ||     8
